 Dungeon Crawl Stone Soup version 0.21.1-1-g345015f (webtiles) character file.

55 Supreme the Digger (level 3, -2/19 HPs)
             Began as a Gargoyle Earth Elementalist on Apr 14, 2018.
             Slain by an adder (4 damage)
             ... on level 2 of the Dungeon.
             The game lasted 00:15:59 (1347 turns).

Supreme the Digger (Gargoyle Earth Elementalist)    Turns: 1347, Time: 00:16:00

Health: -2/19      AC:  5    Str: 11    XL:     3   Next: 93%
Magic:  3/6        EV: 11    Int: 16    God:
Gold:   101        SH:  3    Dex: 10    Spells: 0/6 levels left

rFire    . . .     SeeInvis .   n - +0 mace
rCold    . . .     Gourm    .   r - +0 buckler
rNeg     + . .     Faith    .   c - +0 robe
rPois    ∞         Spirit   .   (no helmet)
rElec    +         Reflect  .   (no cloak)
rCorr    .         Harm     .   (no gloves)
MR       .....                  (no boots)
Stlth    ++........             (no amulet)
HPRegen  0.06/turn              (no ring)
MPRegen  0.10/turn              (no ring)

@: no status effects
A: negative energy resistance 1, electricity resistance, unbreathing,
petrification resistance, rot immunity, AC +3
a: no special abilities


You were on level 2 of the Dungeon.
You were not hungry.

You visited 1 branch of the dungeon, and saw 2 of its levels.

You collected 101 gold pieces.

Inventory:

Hand Weapons
 f - a +0 dagger
 g - a +0 hunting sling
 h - a +0 whip
 n - a +0 mace (weapon)
 v - a +0 short sword
 w - a +3 whip
 x - a +0 spear
Missiles
 b - 27 stones
 k - 6 javelins (quivered)
 l - 17 poisoned needles
 t - 14 arrows
Armour
 c - a +0 robe (worn)
 r - a +0 buckler (worn)
Scrolls
 a - a scroll of blinking {unknown}
 i - 2 scrolls of remove curse {unknown}
 j - a scroll of amnesia {unknown}
Potions
 m - a potion of might {unknown}
 o - a potion of agility {unknown}
 p - 2 potions of brilliance {unknown}
 s - 2 potions of haste {unknown}
 u - a potion of curing {unknown}
Books
 e - a book of Geomancy

   Spells                             Type                      Level
   a - Sandblast                      Earth                        1
   b - Passwall                       Transmutation/Earth          2
   c - Stone Arrow                    Conjuration/Earth            3
   d - Petrify                        Transmutation/Earth          4
   e - Lee's Rapid Deconstruction     Earth                        5
Comestibles
 d - 5 rations
 q - a chunk of flesh


   Skills:
 + Level 0.2 Fighting
 + Level 1.2 Maces & Flails
 - Level 1.5 Dodging
 - Level 2.1 Stealth
 * Level 0.1 Shields
 + Level 2.3 Spellcasting
 + Level 0.7 Transmutations
 + Level 5.0 Earth Magic


You couldn't memorise any spells.
You knew the following spells:

 Your Spells              Type           Power        Failure   Level  Hunger
a - Sandblast             Erth           ###...       4%          1    #......
b - Passwall              Tmut/Erth      ##........   16%         2    ###....
c - Stone Arrow           Conj/Erth      #.....       34%         3    ###....


Dungeon Overview and Level Annotations

Branches:
Dungeon (2/15)

Altars:
Ashenzari


Innate Abilities, Weirdness & Mutations

You are resistant to torment.
Your stone body is resilient. (AC +3)
You are immune to poison.
You resist negative energy. (rN+)
You are resistant to electric shocks. (rElec)
You can survive without breathing.
You are immune to petrification.
You are immune to rotting.


Message History

* * * LOW HITPOINT WARNING * * *
The adder barely misses you.
Casting: Sandblast
Confirm with . or Enter, or press ? or * to list all spells.
Aiming: Sandblast
Press: ? - help, Shift-Dir - straight line, f/p - adder
Aim: an adder (moderately wounded)
The blast of sand misses the adder.
b - 28 stones The adder bites you.
* * * LOW HITPOINT WARNING * * *
Casting: Sandblast
Confirm with . or Enter, or press ? or * to list all spells.
Aiming: Sandblast
Press: ? - help, Shift-Dir - straight line, f/p - adder
Aim: an adder (moderately wounded)
The blast of sand misses the adder.
b - 27 stones The adder bites you.
You die...

#.# #>.# #..........#.. #.# #..#
#####...####.# #.# #..# ##.## #.#
#.# #..###### ######.# #.# #.#
#.......# #......# #.# #.#
##..####.######.####.#####.# #.#
##...## #...................#
#.###.....###..################..
#...............@S# #.#
#####.........###....... ..#
##...###### ####### ### ##.## ###


You could see an adder.

Vanquished Creatures
  An ooze (D:1)
  A worm (D:2)
  3 dart slugs (D:1)
  A leopard gecko (D:1)
  4 bats
  6 goblins (D:1)
  5 hobgoblins
  5 jackals (D:1)
  3 ball pythons (D:2)
  3 frilled lizards
  5 kobolds
  2 rats
39 creatures vanquished.

Notes
Turn   | Place    | Note
-------+----------+-------------------------------------------
     0 | D:1      | Supreme the Gargoyle Earth Elementalist began the quest for the Orb.
     0 | D:1      | Reached XP level 1. HP: 10/10 MP: 3/3
   168 | D:1      | Reached skill level 4 in Earth Magic
   210 | D:1      | Reached XP level 2. HP: 13/15 MP: 5/5
   214 | D:1      | Learned a level 2 spell: Passwall
   333 | D:1      | Reached XP level 3. HP: 14/19 MP: 2/6
   338 | D:1      | Learned a level 3 spell: Stone Arrow
  1085 | D:2      | Reached skill level 5 in Earth Magic
  1110 | D:2      | Reached skill level 1 in Maces & Flails
  1128 | D:2      | Found a shattered altar of Ashenzari.
  1347 | D:2      | Slain by an adder

Skill      XL: |  1  2  3 |
---------------+----------+-----
Earth Magic    | 4 5 |  5.0
Maces & Flails | 1 |  1.2
Fighting       | |  0.2
Dodging        | |  1.5
Stealth        | |  2.1
Shields        | |  0.1
Spellcasting   | |  2.3
Transmutations | |  0.7

Action                   || total
-------------------------++-------
Melee: Whip              ||    22
       Dagger            ||     2
       Mace              ||    94
 Cast: Sandblast         ||    23
 Stab: Sleeping          ||     2
  Eat: Chunk             ||     2
Armor: Robe              ||    43
Dodge: Dodged            ||    99
Block: Buckler           ||     8
